General information
- name: BNet
- type: Ladder team game (AT/RT)
- host: Battle.net
- saver: GayTiMe.WeRRa
map: GnollWood
- players: 4
- length: 18:29
- speed: Fast
- version: 1.21 W3XP
- replay type: Public
» download(137 KB)
Players
team 1 (loser)
I-ChoSeN-I (
red | 92 APM | 1678 actions | 18:17)
2 Demon Hunter
1 Mana Burn
1 Evasion
1 Naga Sea Witch
1 Frost Arrows
» actions
| Assign group hotkey | 8 | |
| Basic commands | 169 | |
| Build / train | 63 | |
| ESC pressed | 4 | |
| Enter build submenu | 14 | |
| Enter hero's abilities submenu | 3 | |
| Right click | 952 | |
| Select / deselect | 361 | |
| Select group hotkey | 33 | |
| Use ability | 71 | |
1678 total
» units
| Wisp | 16 | |
| Huntress | 13 | |
| Dryad | 11 | |
| Archer | 1 | |
| Druid of the Claw | 4 | |
45 total
» upgrades
| Abolish Magic | 1 | |
| Strength of the Wild | 1 | |
| Druid of the Claw Training | 2 | |
| Reinforced Hides | 1 | |
5 total
» buildings
| Altar of Elders | 1 | |
| Moon Well | 6 | |
| Hunter's Hall | 1 | |
| Ancient of War | 1 | |
| Tree of Ages | 4 | |
| Ancient of Lore | 3 | |
| Ancient Protector | 1 | |
| Tree of Life | 1 | |
| Tree of Eternity | 1 | |
19 total
» build order
00:14 Altar of Elders
00:23 Moon Well
01:53 Hunter's Hall
01:56 Ancient of War
02:07 Moon Well
02:38 Moon Well
03:12 Tree of Ages
03:12 Tree of Ages
05:43 Moon Well
05:54 Ancient of Lore
05:58 Ancient of Lore
09:26 Ancient Protector
11:14 Moon Well
11:29 Tree of Life
12:33 Tree of Eternity
13:14 Moon Well
14:51 Ancient of Lore
» items
| Scroll of Town Portal | 1 | |
| Scroll of Protection | 1 | |
2 total
Mor[p]heuS (
purple | 125 APM | 2305 actions | 18:25)
4 Archmage
2 Summon Water Elemental
1 Brilliance Aura
1 Blizzard
2 Mountain King
1 Storm Bolt
1 Thunder Clap
» actions
| Assign group hotkey | 88 | |
| Basic commands | 2 | |
| Build / train | 99 | |
| Enter build submenu | 28 | |
| Enter hero's abilities submenu | 6 | |
| Give item / drop item | 2 | |
| Right click | 1002 | |
| Select / deselect | 417 | |
| Select group hotkey | 561 | |
| Use ability | 100 | |
2305 total
» units
| Peasant | 28 | |
| Footman | 6 | |
| Rifleman | 14 | |
| Sorceress | 5 | |
53 total
» upgrades
| Masonry | 2 | |
| Lumber Harvesting | 1 | |
| Long Rifles | 1 | |
| Gunpowder | 1 | |
| Sorceress Training | 1 | |
6 total
» buildings
| Altar of Kings | 1 | |
| Farm | 9 | |
| Barracks | 2 | |
| Lumber Mill | 1 | |
| Town Hall | 1 | |
| Scout Tower | 9 | |
| Guard Tower | 10 | |
| Blacksmith | 1 | |
| Keep | 1 | |
| Arcane Vault | 1 | |
| Arcane Sanctum | 1 | |
37 total
» build order
00:13 Altar of Kings
00:21 Farm
00:36 Barracks
00:55 Farm
01:00 Farm
01:22 Lumber Mill
02:26 Farm
03:10 Town Hall
03:39 Scout Tower
04:12 Guard Tower
04:14 Scout Tower
04:19 Scout Tower
04:22 Scout Tower
04:51 Guard Tower
04:52 Guard Tower
04:53 Guard Tower
04:53 Guard Tower
05:08 Scout Tower
05:10 Scout Tower
05:13 Scout Tower
05:17 Farm
05:43 Blacksmith
06:03 Guard Tower
06:53 Barracks
07:00 Guard Tower
07:00 Guard Tower
07:16 Farm
07:20 Farm
07:52 Keep
08:33 Arcane Vault
10:03 Scout Tower
10:04 Scout Tower
10:31 Guard Tower
10:32 Guard Tower
11:52 Arcane Sanctum
13:09 Farm
13:15 Farm
» items
| Dust of Appearance | 1 | |
| Scroll of Town Portal | 3 | |
| Scroll of Regeneration | 4 | |
| Potion of Healing | 3 | |
| Potion of Lesser Invulnerability | 1 | |
12 total
team 2 (winner)
CruelJustice (
blue | 228 APM | 4213 actions | 18:26)
5 Death Knight
3 Death Coil
2 Unholy Aura
3 Lich
2 Frost Nova
1 Dark Ritual
2 Crypt Lord
1 Impale
1 Spiked Carapace
» actions
| Assign group hotkey | 45 | |
| Basic commands | 162 | |
| Build / train | 88 | |
| Enter build submenu | 16 | |
| Enter hero's abilities submenu | 10 | |
| Give item / drop item | 3 | |
| Remove unit from queue | 2 | |
| Right click | 1465 | |
| Select / deselect | 402 | |
| Select group hotkey | 1886 | |
| Use ability | 134 | |
4213 total
» units
| Acolyte | 9 | |
| Ghoul | 5 | |
| Crypt Fiend | 17 | |
| Obsidian Statue | 5 | |
36 total
» upgrades
| Creature Attack | 2 | |
| Burrow | 1 | |
| Destroyer Form | 1 | |
| Web | 1 | |
5 total
» buildings
| Crypt | 2 | |
| Graveyard | 1 | |
| Altar of Darkness | 1 | |
| Ziggurat | 9 | |
| Tomb of Relics | 1 | |
| Halls of the Dead | 3 | |
| Black Citadel | 2 | |
| Slaughterhouse | 1 | |
| Spirit Tower | 4 | |
24 total
» build order
00:07 Crypt
00:12 Crypt
00:13 Graveyard
00:43 Altar of Darkness
01:00 Ziggurat
01:26 Tomb of Relics
02:05 Ziggurat
04:02 Halls of the Dead
04:02 Halls of the Dead
04:58 Ziggurat
04:58 Ziggurat
07:09 Black Citadel
07:10 Black Citadel
07:40 Slaughterhouse
11:48 Ziggurat
12:21 Ziggurat
14:37 Ziggurat
14:37 Ziggurat
15:28 Ziggurat
15:38 Spirit Tower
15:38 Spirit Tower
17:20 Spirit Tower
» items
| Rod of Necromancy | 3 | |
| Dust of Appearance | 1 | |
| Scroll of Town Portal | 1 | |
| Orb of Corruption | 3 | |
8 total
GayTiMe.WeRRa (
teal | 104 APM | 1922 actions | 18:29)
4 Dreadlord
2 Sleep
2 Vampiric Aura
3 Pit Lord
2 Rain of Fire
1 Howl of Terror
» actions
| Assign group hotkey | 31 | |
| Basic commands | 116 | |
| Build / train | 46 | |
| Enter build submenu | 14 | |
| Enter hero's abilities submenu | 7 | |
| Right click | 1044 | |
| Select / deselect | 401 | |
| Select group hotkey | 211 | |
| Use ability | 52 | |
1922 total
» units
| Acolyte | 2 | |
| Ghoul | 12 | |
| Abomination | 10 | |
24 total
» upgrades
| Unholy Armor | 3 | |
| Disease Cloud | 1 | |
| Unholy Strength | 1 | |
5 total
» buildings
| Crypt | 2 | |
| Ziggurat | 6 | |
| Altar of Darkness | 1 | |
| Tomb of Relics | 1 | |
| Halls of the Dead | 1 | |
| Graveyard | 1 | |
| Black Citadel | 1 | |
| Slaughterhouse | 2 | |
15 total
» build order
00:08 Crypt
00:11 Crypt
00:13 Ziggurat
00:34 Altar of Darkness
01:04 Ziggurat
01:37 Tomb of Relics
03:40 Halls of the Dead
04:07 Graveyard
04:27 Ziggurat
07:04 Black Citadel
07:51 Slaughterhouse
08:59 Slaughterhouse
11:17 Ziggurat
11:20 Ziggurat
15:29 Ziggurat
» items
| Rod of Necromancy | 1 | |
| Potion of Healing | 1 | |
| Potion of Mana | 2 | |
| Orb of Corruption | 1 | |
5 total
Chat log
(00:16 / All) CruelJustice: umm
(00:34 / All) CruelJustice: crueljustice reporting for duty
(00:43 / Allies) GayTiMe.WeRRa: so we're doing THE CJAY GAY
(00:48 / Allies) CruelJustice: but ofc
(00:56 / Allies) CruelJustice: bet.sweet build
(00:59 / Allies) GayTiMe.WeRRa: horrible.
(01:07 / Allies) CruelJustice: vs human build
(01:10 / Allies) CruelJustice: err
(01:11 / Allies) CruelJustice: elf
(01:15 / Allies) GayTiMe.WeRRa: gotta force tps
(01:21 / Allies) CruelJustice: but ofc
(03:01 / Allies) GayTiMe.WeRRa: lewl
(03:02 / Allies) GayTiMe.WeRRa: nod eto
(03:36 / Allies) GayTiMe.WeRRa: this is where I SURROUDN RAPE
(04:05 / Allies) CruelJustice: ok?
(04:05 / Allies) CruelJustice: lawl
(04:19 / Allies) GayTiMe.WeRRa: yeah I know
(04:22 / Allies) GayTiMe.WeRRa: just another day
(04:26 / Allies) CruelJustice: lawl
(04:29 / All) I-ChoSeN-I: 10 sec
(04:32 / All) GayTiMe.WeRRa: We dont manner
(04:32 / All) CruelJustice: dont just pause
(05:44 / Allies) CruelJustice: hit
(06:17 / All) CruelJustice: no?
(07:01 / Allies) GayTiMe.WeRRa: I fail
(07:07 / All) CruelJustice: talons fails
(07:13 / Allies) GayTiMe.WeRRa: let me pick up
(07:15 / Allies) GayTiMe.WeRRa: a pitlard
(07:23 / Allies) CruelJustice: y they so bad
(07:27 / Allies) CruelJustice: OMG
(08:22 / Allies) GayTiMe.WeRRa: watch this
(09:09 / Allies) GayTiMe.WeRRa: millitia tp
(09:15 / Allies) CruelJustice: am
(11:30 / Allies) GayTiMe.WeRRa: Counter expo them
(11:35 / Allies) CruelJustice: but ofc
(11:44 / Allies) CruelJustice: go hit
(11:50 / Allies) GayTiMe.WeRRa: hang on
(12:53 / Allies) GayTiMe.WeRRa: obviously
(12:56 / Allies) GayTiMe.WeRRa: x_X
(13:16 / Allies) CruelJustice: aids
(13:19 / Allies) GayTiMe.WeRRa: I got it
(13:25 / Allies) GayTiMe.WeRRa: x_X
(13:28 / Allies) CruelJustice: aids the driads
(13:31 / Allies) CruelJustice: its gonna die
(14:30 / Allies) CruelJustice: LOL
(14:33 / Allies) GayTiMe.WeRRa: the cjay gay
(14:44 / Allies) GayTiMe.WeRRa: coil my pit
(14:47 / Allies) GayTiMe.WeRRa: for the imba
(14:49 / Allies) GayTiMe.WeRRa: fire
(16:09 / All) Mor[p]heuS: ignore
(16:42 / Allies) CruelJustice: LOL
(16:49 / Allies) GayTiMe.WeRRa: this strat is so gay
(16:53 / Allies) CruelJustice: lol
(17:01 / Allies) GayTiMe.WeRRa: especially with pitlord 2nd
(17:03 / Allies) CruelJustice: OUT EPOD
(17:08 / Allies) CruelJustice: but so dominate
(17:13 / Allies) CruelJustice: lawl
(17:22 / Allies) GayTiMe.WeRRa: no tp
(17:47 / Allies) GayTiMe.WeRRa: watch
(18:09 / Allies) GayTiMe.WeRRa: look at the hack
(18:25 / All) Mor[p]heuS: allied sux gg
(18:25 / All) GayTiMe.WeRRa: nice maphack